 Dungeon Crawl Stone Soup version 0.15-a0-2213-gb17132f (webtiles) character file.

116 Crauler the Covered (level 5, -3/36 HPs)
             Began as a Halfling Fighter on July 24, 2014.
             Slain by an ogre
             ... wielding a +0 giant club
              (17 damage)
             ... on Level 4 of the Dungeon.
             The game lasted 00:04:41 (2495 turns).

Crauler the Covered (Halfling Fighter)              Turns: 2495, Time: 00:04:41

HP  -3/36        AC  8     Str 17      XL: 5   Next: 21%
MP   5/5         EV 10     Int  7      God:
Gold 208         SH  6     Dex 14      Spells:  0 memorised,  4 levels left

rFire  . . .     SeeInvis .     v - +0 blowgun
rCold  . . .     Clarity  .     b - +0 scale mail
rNeg   . . .     rCorr    .     c - +0 buckler
rPois  .         rRot     .     (no helmet)
rElec  .         Spirit   .     l - +0 cloak
SustAb .         Warding  .     (no gloves)
rMut   .         Stasis   .     (no boots)
Gourm  .                        (no amulet)
MR     .....                    (no ring)
                                (no ring)

@: not resistant to hostile enchantments, extremely unstealthy
A: mutation resistance 1
a: no special abilities


You were on level 4 of the Dungeon.
You were not hungry.

You visited 1 branch of the dungeon, and saw 4 of its levels.

You collected 208 gold pieces.

Inventory:

Hand weapons
 a - a +0 long sword
 v - a +0 blowgun (weapon)
Missiles
 u - 4 poisoned needles (quivered)
Armour
 b - a +0 scale mail (worn)
 c - a +0 buckler (worn)
 l - a +0 cloak (worn)
Comestibles
 d - 4 bread rations
 f - 3 meat rations
 j - 7 fruits
 o - a beef jerky
 s - a chunk of bat flesh
Scrolls
 g - a scroll of fog {unknown}
 h - 2 scrolls of teleportation {unknown}
 i - 5 scrolls of identify {unknown}
 m - a scroll of enchant armour {unknown}
 n - a scroll of remove curse {unknown}
 p - a scroll of blinking {unknown}
 q - a scroll of magic mapping {unknown}
 r - a scroll of amnesia {unknown}
 w - a scroll of recharging {unknown}
Potions
 e - a potion of might
 k - a potion of curing
 t - a potion of restore abilities {unknown}


   Skills:
 - Level 3.1 Fighting
 * Level 3.6 Long Blades
 + Level 0.0 Throwing
 - Level 4.0 Armour
 + Level 4.0 Shields


You had 4 spell levels left.
You didn't know any spells.

Dungeon Overview and Level Annotations

Branches:
Dungeon (4/15)
 Temple: D:4-7

Altars:
Kikubaaqudgha
Okawaru
Sif Muna


Innate Abilities, Weirdness & Mutations

You are small and have problems with some larger weapons.
You are somewhat resistant to further mutation.


Message History

You shoot a poisoned needle.
The poisoned needle barely misses the ogre.
Firing (i - inventory):
u - 5 poisoned needles (quivered)
Press: ? - help, Shift-Dir - straight line, f/p - ogre
Aim: an ogre, wielding a giant club (moderately wounded, poisoned)
You shoot a poisoned needle.
The poisoned needle barely misses the ogre.
The ogre hits you with a giant club.
* * * LOW HITPOINT WARNING * * *
You open the large door. The ogre hits you with a giant club!
* * * LOW HITPOINT WARNING * * *
Found a bubbling blue potion.
A giant gecko, a goblin and a kobold come into view.
The kobold shouts!
Found a scale mail.
There is a large open door here.
Drink which item? (? for menu, Esc to quit)
You feel better.
It was a potion of curing.
The ogre hits you with a giant club!
You die...

########## . #.'........
.).. . #.@gK!..l.. #...
#.##O#.......# #..#
#.#..#...[..#
.###..#.##.#.##.....##
.....#.......#....##≈
####..####.#..#...##≈
###..........#..#..##≈≈
................#.##≈≈≈#
#####.#.##......###≈≈≈##


You could see an ogre, a giant gecko, a goblin and a kobold.

Vanquished Creatures
  3 adders
  A giant mite (D:1)
  4 worms
  2 giant geckos (D:3)
  An ooze (D:2)
  An orc (D:3)
  2 giant cockroaches (D:2)
  8 goblins
  4 hobgoblins
  9 kobolds
  2 ball pythons
  9 bats
  2 giant newts
  A quokka (D:3)
  8 rats
  A rat skeleton (D:4)
58 creatures vanquished.

Notes
Turn   | Place    | Note
--------------------------------------------------------------
     0 | D:1      | Crauler, the Halfling Fighter, began the quest for the Orb.
     0 | D:1      | Reached XP level 1. HP: 15/15 MP: 1/1
    68 | D:1      | Reached XP level 2. HP: 6/20 MP: 2/2
   949 | D:1      | Reached XP level 3. HP: 23/25 MP: 3/3
  1370 | D:2      | Reached XP level 4. HP: 13/30 MP: 4/4
  1732 | D:2      | Found a deep blue altar of Sif Muna.
  2054 | D:3      | Reached skill level 4 in Armour
  2179 | D:3      | Reached XP level 5. HP: 36/36 MP: 5/5
  2210 | D:3      | Found an ancient bone altar of Kikubaaqudgha.
  2270 | D:3      | Found an iron altar of Okawaru.
  2322 | D:4      | Noticed an ogre
  2495 | D:4      | Slain by an ogre

Action                   |  1- 3 |  4- 6 || total
-------------------------+-------+-------++-------
Melee: Long sword        |   106 |   118 ||   224
 Fire: Blowgun           |       |     4 ||     4
  Use: Potion            |       |     1 ||     1
  Eat: Chunk             |     1 |     4 ||     5
